 Dungeon Crawl Stone Soup version 0.31-a0-233-g139696dc86 (webtiles) character file.

Game seed: 17847872492393341084

488 qw the Shooter (level 6, -2/52 HPs)
             Began as a Minotaur Hexslinger on July 8, 2023.
             Was an Initiate of Okawaru.
             Slain by a lemure (8 damage)
             ... led by Pikel
             ... on level 5 of the Dungeon.
             The game lasted 00:01:26 (3519 turns).

qw the Shooter (Minotaur Hexslinger)                Turns: 3519, Time: 00:01:27

Health: -2/52      AC:  6    Str: 12    XL:     6   Next: 90%
Magic:  6/6        EV: 11    Int: 10    God:    Okawaru [......]
Gold:   205        SH:  0    Dex: 15    Spells: 6/7 levels left

rFire   . . .        Y - +1 sling
rCold   + . .        (no shield)
rNeg    + . .        f - +0 ring mail
rPois   .            (helmet restricted)
rElec   .            (no cloak)
rCorr   .            a - +0 pair of gloves
SInv    .            (no boots)
Will    .....        g - amulet of faith
Stlth   +            i - ring of positive energy
HPRegen 0.28/turn    e - ring of protection from cold
MPRegen 0.10/turn

%: faith
@: no status effects
A: horns 2, retaliatory headbutt, MP-powered wands
a: Renounce Religion


You were on level 5 of the Dungeon.
You worshipped Okawaru.
Okawaru was noncommittal.
You visited 2 branches of the dungeon, and saw 6 of its levels.

You collected 205 gold pieces.


Innate Abilities, Weirdness & Mutations

You have a pair of horns on your head.
You reflexively headbutt those who attack you in melee.
You expend magic power (3 MP) to strengthen your wands.


   Skills:
 - Level 4.2 Fighting
 + Level 6.7 Ranged Weapons
 - Level 2.8 Armour
 - Level 2.1 Dodging
 - Level 1.0 Spellcasting
 - Level 2.0 Hexes


You had 6 spell levels left.
You knew the following spells:

 Your Spells              Type           Power      Damage    Failure   Level
a - Slow                  Hex            16%        N/A       32%         1

Your spell library contained the following spells:

 Spells                   Type           Power      Damage    Failure   Level
 Inner Flame              Hex/Fire       2%         N/A       83%         3
 Portal Projectile        Hex/Tloc       4%         N/A       83%         3
 Cause Fear               Hex            2%         N/A       97%         4

Inventory:

Hand Weapons
 Y - a +1 sling (weapon)
Armour
 a - a +0 pair of gloves (worn)
 f - a +0 ring mail (worn)
Jewellery
 e - a ring of protection from cold (right hand)
 g - an amulet of faith (around neck)
 i - a ring of positive energy (left hand)
Scrolls
 c - a scroll of identify
Potions
 b - a potion of ambrosia {unknown}
 d - a potion of mutation
 h - a potion of might {unknown}
 k - a potion of enlightenment {unknown}

Dungeon Overview and Level Annotations

Branches:
Dungeon (5/15)             Temple (1/1) D:5

Altars:
Ashenzari
Cheibriados
Dithmenos
Elyvilon
Gozag
Kikubaaqudgha
Makhleb
Nemelex Xobeh
Okawaru
Qazlal
Ru
Sif Muna
Vehumet
Wu Jian
Zin

Annotations:
D:3 3 runed translucent doors, qw's ghost, weakling MiHs
D:5 Pikel


Message History

The lemure is lightly wounded.
Pikel says, "Hell isn't that bad."
Pikel hits you with a +0 whip of flaming!
Pikel burns you.
You shoot a sling bullet.
The sling bullet hits Pikel but does no damage.
Pikel is lightly wounded.
Pikel hits you but does no damage. The lemure hits you.
The lemure completely misses you. You furiously retaliate!
You headbutt the lemure! Pikel barely misses you. The lemure hits you!
The lemure closely misses you. The lemure barely misses you.
You shoot a sling bullet.
The sling bullet barely misses the lemure.
Pikel closely misses you. The lemure closely misses you.
The lemure hits you but does no damage. x2
You shoot a sling bullet. The sling bullet hits the lemure!
The lemure is severely wounded.
Pikel hits you with a +0 whip of flaming.
Pikel burns you. The lemure closely misses you. You furiously retaliate!
You headbutt the lemure. The lemure hits you but does no damage.
The lemure hits you.
You shoot a sling bullet.
The sling bullet hits the lemure but does no damage.
The lemure is severely wounded.
Pikel barely misses you. The lemure hits you. x3
You shoot a sling bullet. The sling bullet hits the lemure.
The lemure is almost dead.
Pikel hits you but does no damage. The lemure closely misses you.
The lemure barely misses you. The lemure hits you.
You shoot a sling bullet.
The sling bullet closely misses the lemure.
Pikel closely misses you. You furiously retaliate!
You headbutt Pikel! The lemure closely misses you.
The lemure hits you but does no damage. The lemure barely misses you.
You furiously retaliate!
You headbutt the lemure. You shoot a sling bullet.
The sling bullet hits the lemure but does no damage.
The lemure is almost dead.
Pikel hits you with a +0 whip of flaming.
Pikel burns you. The lemure misses you. The lemure hits you!
You die...

. .....###......
.###....##......
#.......~¤¤.....
###.#.#..~~¤~~...#
###.....#.~~¤~~~~.##
#.....##..~¤~>~¤¤.##
####.#..#...#~~~~~~~.##
##....#.##.#.#.~~¤~~.###
#......@5..#....¤¤~..# #
......5K5.############ #
...........# #
.#.........# #
#.........# #
#.........# #
#.........# #
..........# # #


You could see Pikel and 3 lemures.

Vanquished Creatures
  A black bear (D:5)
  A lemure (D:5)
  2 scorpions
  2 jellies
  An orc priest (D:3)
  An orc wizard (D:3)
  7 adders
  A white imp (D:5)
  An ufetubus (D:4)
  2 worms (D:3)
  2 dart slugs
  2 orcs
  9 endoplasms
  6 giant cockroaches (D:1)
  9 goblins
  11 hobgoblins
  5 jackals
  4 quokkas
  7 ball pythons
  3 bats
  5 kobolds
  2 rats (D:2)
84 creatures vanquished.

Notes
Turn   | Place    | Note
-------+----------+-------------------------------------------
     0 | D:1      | qw the Minotaur Hexslinger began the quest for the Orb.
     0 | D:1      | Reached XP level 1. HP: 16/16 MP: 1/1
     0 | D:1      | 0 ||| qw: Version: 0.3-a-46-gb1f654a
     0 | D:1      | 0 ||| qw: Game counter: 3537
     0 | D:1      | 0 ||| qw: Melee chars always use a shield: true
     0 | D:1      | 0 ||| qw: God list: Okawaru
     0 | D:1      | 0 ||| qw: Allow faded altars: false
     0 | D:1      | 0 ||| qw: Do Orc after clearing Dungeon:15 true
     0 | D:1      | 0 ||| qw: Do second Lair branch before Depths: true
     0 | D:1      | 0 ||| qw: Lair rune preference: random
     0 | D:1      | 0 ||| qw: Goals: Normal
     0 | D:1      | 0 ||| PLANNING D:1-11
    11 | D:1      | 11 ||| FLEEEEING.
    12 | D:1      | 12 ||| FLEEEEING.
    13 | D:1      | 13 ||| FLEEEEING.
   101 | D:1      | Reached skill level 3 in Ranged Weapons
   102 | D:1      | Reached XP level 2. HP: 23/23 MP: 2/2
   299 | D:1      | Reached XP level 3. HP: 29/29 MP: 3/3
   498 | D:1      | Reached skill level 4 in Ranged Weapons
   651 | D:1      | 651 ||| UPGRADING to amulet of faith.
   656 | D:1      | 656 ||| READING scroll labelled LEAMAMM ACSEAF.
   657 | D:1      | 657 ||| READING scroll labelled WUTOHO DETS.
   658 | D:1      | 658 ||| DROPPING scroll of poison.
   760 | D:2      | 760 ||| UPGRADING to +0 leather armour.
   807 | D:2      | 807 ||| UPGRADING to +0 leather armour.
   812 | D:2      | 812 ||| DROPPING +0 robe.
  1050 | D:2      | Reached XP level 4. HP: 36/36 MP: 4/4
  1295 | D:2      | Noticed a scorpion
  1302 | D:2      | Killed a scorpion
  1303 | D:2      | Reached skill level 5 in Ranged Weapons
  1410 | D:2      | 1410 ||| UPGRADING to ring of positive energy.
  1411 | D:2      | 1411 ||| READING scroll labelled NUNASI GIRR.
  1414 | D:2      | 1414 ||| READING scroll labelled JEDAMA SE PURPH.
  1415 | D:2      | 1415 ||| DRINKING 2 golden potions.
  1416 | D:2      | 1416 ||| DRINKING 2 lumpy orange potions.
  1417 | D:2      | 1417 ||| DRINKING 2 clear potions.
  1417 | D:2      | Gained mutation: Potions are less effective at restoring
                  | your health. [potion of mutation]
  1418 | D:2      | 1418 ||| DRINKING potion of mutation.
  1418 | D:2      | Lost mutation: Potions are less effective at restoring your
                  | health. [potion of mutation]
  1418 | D:2      | Gained mutation: You are robust. (+10% HP) [potion of
                  | mutation]
  1418 | D:2      | Lost mutation: You are robust. (+10% HP) [potion of
                  | mutation]
  1418 | D:2      | Gained mutation: You expend magic power (3 MP) to
                  | strengthen your wands. [potion of mutation]
  1419 | D:2      | 1419 ||| READING 2 scrolls of identify.
  1419 | D:2      | 1419 ||| IDENTIFYING black potion
  1420 | D:2      | 1420 ||| DROPPING potion of brilliance.
  1446 | D:3      | Reached XP level 5. HP: 29/41 MP: 5/5
  1547 | D:3      | 1547 ||| DRINKING potion of curing.
  1547 | D:3      | 1547 ||| (to cure confusion)
  1548 | D:3      | Reached skill level 3 in Fighting
  1738 | D:3      | Reached skill level 6 in Ranged Weapons
  1801 | D:3      | Found a shadowy altar of Dithmenos.
  1934 | D:3      | Found a runed translucent gate.
  1935 | D:3      | Found a runed translucent gate.
  1936 | D:3      | Found a runed translucent gate.
  2036 | D:3      | Found a radiant altar of Vehumet.
  2348 | D:3      | Noticed qw's ghost (weakling MiHs)
  2352 | D:3      | 2352 ||| UPGRADING to ring of protection from cold.
  2353 | D:3      | 2353 ||| READING 3 scrolls labelled KUYMEA FIOLIJA.
  2354 | D:3      | 2354 ||| READING scroll labelled YNASUO MALIO.
  2355 | D:3      | 2355 ||| READING scroll labelled RYUTHRUTWIN.
  2356 | D:3      | 2356 ||| DROPPING 2 scrolls of immolation.
  2419 | D:4      | Reached XP level 6. HP: 48/52 MP: 6/6
  2859 | D:4      | Found a broken altar of Ashenzari.
  3039 | D:4      | 3039 ||| UPGRADING to +0 ring mail.
  3049 | D:4      | 3049 ||| DROPPING +0 leather armour.
  3050 | D:4      | 3050 ||| READING 3 scrolls labelled HITOTE COLIMU.
  3051 | D:4      | 3051 ||| DROPPING 2 scrolls of vulnerability.
  3070 | D:5      | Entered Level 5 of the Dungeon
  3109 | D:5      | Found a shimmering blue altar of Sif Muna.
  3161 | D:5      | HP: 12/52 [black bear (5)]
  3162 | D:5      | 3162 ||| DRINKING potion of heal wounds.
  3363 | D:5      | Found a staircase to the Ecumenical Temple.
  3364 | D:5      | 3364 ||| PLANNING TEMPLE
  3364 | D:5      | 3364 ||| UPGRADING to +0 pair of gloves.
  3376 | Temple   | Entered the Ecumenical Temple
  3376 | Temple   | Found a transporter.
  3376 | Temple   | Found a transporter.
  3378 | Temple   | Found a transporter.
  3378 | Temple   | Found a transporter.
  3388 | Temple   | 3388 ||| PLANNING D:1-11
  3391 | Temple   | 3391 ||| PLANNING OKAWARU WORSHIP
  3398 | Temple   | Became a worshipper of Warmaster Okawaru
  3399 | Temple   | 3399 ||| PLANNING D:1-11
  3506 | D:5      | Noticed Pikel
  3517 | D:5      | HP: 10/52 [lemure[Pikel] (4)]
  3519 | D:5      | Slain by a lemure

Levels and vault maps discovered:
D:1:      eino_arrival_cavern_d, layout_loops_ring, serial_rivers,
          chequers_serial_rivers_micro_a, chequers_serial_rivers_micro_c,
          chequers_serial_rivers_room_b, chequers_serial_rivers_micro_c,
          minmay_worlds_worst_comb
D:2:      layout_loops_cross, minmay_heptomino_o4
D:3:      layout_basic, lemuel_crystal_altar, nicolae_dithmenos_the_darkroom,
          gammafunk_ghost_necromancy
D:4:      layout_loops_cross, ashenzari_altar_1
D:5:      layout_rooms, trog_three_pillars_becter,
          mainiacjoe_overflow_small_starburst, minmay_temple_entry_mist,
          uniq_pikel, uniq_ijyb
Temple:   hellmonk_temple_divided_pantheon

Skill      XL: |  1  2  3  4  5  6 |
---------------+-------------------+-----
Ranged Weapons | 3 4 5 6 |  6.7
Fighting       | 2 3 4 |  4.2
Armour         | 2 |  2.8
Dodging        | |  2.1
Spellcasting   | |  1.0
Hexes          | |  2.0

Action                     |  1- 3 |  4- 6 || total
---------------------------+-------+-------++-------
   Fire: Sling             |    98 |   195 ||   293
    Use: Scroll            |     2 |     7 ||     9
         Potion            |       |     6 ||     6
 Armour: Robe              |     9 |       ||     9
         Leather armour    |       |     9 ||     9
         Ring mail         |       |    25 ||    25
  Dodge: Dodged            |    27 |    81 ||   108

Table legend:
 A = Non-vault XP
 B = Vault XP
 C = Vault XP percentage of total XP
 D = Non-vault monster count
 E = Vault monster count
 F = Vault count percentage of total count
                 A         B        C        D         E       F
            +---------+---------+-------+---------+---------+-------
      Total |     686 |      12 |   1.7 |      76 |       7 |   8.4
            +---------+---------+-------+---------+---------+-------
        D:1 |      57 |       7 |  10.9 |      31 |       4 |  11.4
        D:2 |     126 |       5 |   3.8 |      10 |       3 |  23.1
        D:3 |     163 |       0 |   0.0 |      19 |       0 |   0.0
        D:4 |     159 |       0 |   0.0 |      12 |       0 |   0.0
        D:5 |     181 |       0 |   0.0 |       4 |       0 |   0.0
            +---------+---------+-------+---------+---------+-------
